 Dungeon Crawl Stone Soup version 0.31-a0-18-gea43df2a32 (webtiles) character file.

Game seed: 16341703845905477726

124 PimpSugar the Magician (level 4, 0/48 HPs)
             Began as a Demonspawn Hedge Wizard on May 11, 2023.
             Succumbed to Crazy Yiuf's poison
             ... on level 3 of the Dungeon.
             The game lasted 00:11:22 (3039 turns).

PimpSugar the Magician (Demonspawn Hedge Wizard)    Turns: 3039, Time: 00:11:23

Health: 0/48       AC: 22    Str: 10 (11) XL:     4   Next: 81%
Magic:  9/9        EV:  2    Int: 14 (17) God:
Gold:   68         SH:  0    Dex: 11 (12) Spells: 4/10 levels left

rFire   + . .        a - +0 dagger
rCold   . . .        (no shield)
rNeg    + . .        s - melded +0 leather armour {rC+}
rPois   +            c - melded +0 hat
rElec   .            (cloak currently unavailable)
rCorr   .            (gloves currently unavailable)
SInv    .            (boots currently unavailable)
Will    .....        (no amulet)
Stlth   ++           g - ring of protection from fire
HPRegen 1.08/turn    k - ring of positive energy
MPRegen 0.22/turn

%: no passive effects
@: brilliant, lethally poisoned (0 -> -4), tree-form
A: stationary, stasis, torment immunity, boosted hp, (horns 2), magic
regeneration, (demonic touch 1), (cold resistance 1), regeneration 1
a: no special abilities


You were on level 3 of the Dungeon.
You were a tree.
You visited 1 branch of the dungeon, and saw 3 of its levels.

You collected 68 gold pieces.

Inventory:

Hand Weapons
 a - a +0 dagger (weapon)
Missiles
 n - 10 stones
 r - a throwing net
Armour
 b - a +0 robe
 c - a +0 hat (melded)
 s - a +0 leather armour of cold resistance (melded)
Jewellery
 g - a ring of protection from fire (left branch)
 k - a ring of positive energy (right branch)
Scrolls
 e - 2 scrolls of summoning
 f - a scroll of fear
 o - a scroll of noise {unknown}
Potions
 d - a potion of magic
 h - a potion of cancellation {unknown}
 i - a potion of flight {unknown}
 j - a potion of curing {unknown}
 l - a potion of mutation
 m - 2 potions of lignification


   Skills:
 + Level 1.1 Fighting
 + Level 2.3 Dodging
 + Level 2.2 Stealth
 * Level 3.5 Spellcasting
 + Level 1.8 Conjurations
 + Level 1.0 Hexes
 + Level 1.7 Summonings
 + Level 1.6 Translocations


You had 4 spell levels left.
You knew the following spells:

 Your Spells              Type           Power      Damage    Failure   Level
a - Magic Dart            Conj           44%        1d5       10%         1
b - Call Imp              Summ           22%        N/A       16%         2
d - Slow                  Hex            28%        N/A       14%         1
e - Blink                 Tloc           20%        N/A       16%         2

Your spell library contained the following spells:

 Spells                   Type           Power      Damage    Failure   Level
 Sting                    Tmut/Pois      12%        1d3       21%         1
 Ensorcelled Hibernation  Hex/Ice        10%        N/A       26%         2
 Cigotuvi's Dreadful Rot  Necr/Pois/Air  6%         N/A       30%         2
 Passwall                 Tmut/Erth      2%         N/A       30%         2
 Poisonous Vapours        Pois/Air       6%         N/A       30%         2
 Dazzling Flash           Conj/Hex       18%        N/A       34%         3
 Volatile Blastmotes      Fire/Tloc      14%        2d11      41%         3
 Mephitic Cloud           Conj/Pois/Air  6%         N/A       43%         3
 Swiftness                Air            3%         N/A       52%         3
 Iskenderun's Mystic Bla  Conj/Tloc      11%        2d4       69%         4
 Olgreb's Toxic Radiance  Pois           3%         N/A       90%         4
 Starburst                Conj/Fire      3%         6d3       100%        6


Dungeon Overview and Level Annotations

Branches:
Dungeon (3/15)

Altars:

Annotations:
D:3 Crazy Yiuf


Innate Abilities, Weirdness & Mutations

You are a tree.
Your roots penetrate the ground, keeping you stationary.
You cannot be teleported.
You are immune to unholy pain and torment.
Your maximum health is greatly increased.
Your equipment is partially melded.
((You have a pair of horns on your head.))
You regenerate magic rapidly.
((Your touch may inflict minor irresistible damage on your foes.))
((Your flesh is cold resistant. (rC+)))
Your natural rate of healing is unusually fast.


Message History

You convulse.
Your cerulean imp hits Crazy Yiuf with a -4 spear.
You see here a +0 hammer.
You barely miss Crazy Yiuf.
Crazy Yiuf is lightly wounded.
Crazy Yiuf barely misses you.
Your cerulean imp closely misses Crazy Yiuf.
You closely miss Crazy Yiuf.
You headbutt Crazy Yiuf, but do no damage.
Your touch misses Crazy Yiuf.
Crazy Yiuf is lightly wounded.
Crazy Yiuf hits you with a +4 quarterstaff of chaos!
You are lethally poisoned!
Your cerulean imp hits Crazy Yiuf with a -4 spear.
It was a potion of mutation.
You feel extremely strange.
You begin to heal more quickly.
You feel resistant to cold. The horns on your head grow some more.
* * * LOW HITPOINT WARNING * * *
You feel very sick.
Crazy Yiuf hits you with a +4 quarterstaff of chaos.
* * * LOW HITPOINT WARNING * * *
Your cerulean imp hits Crazy Yiuf but does no damage.
You turn into a tree.
Your +0 hat melds into your body.
Your +0 leather armour of cold resistance melds into your body.
You feel less resistant to cold.
Your roots penetrate the ground.
You feel very sick. Crazy Yiuf hits you but does no damage.
Your cerulean imp hits Crazy Yiuf with a -4 spear.
It was a potion of brilliance.
You feel clever all of a sudden.
You feel very sick.
Crazy Yiuf hits you with a +4 quarterstaff of chaos.
* * * LOW HITPOINT WARNING * * *
Crazy Yiuf burns you.
* * * LOW HITPOINT WARNING * * *
Your cerulean imp hits Crazy Yiuf but does no damage.
It was a potion of degeneration.
There was something very wrong with that liquid.
You feel weakened.
You feel dopey.
You feel clumsy.
You die...

##...............
####....)........ .#
##.########### .# ##.# .#
#..# .# #..##♣♣ ##### .#
#...#.♣♣ ♣♣#)))# .#
#......♣♣♣♣)'5g.# .#
#.....♣)♣))♣#♣))# .#
#...#.)♣)♣♣♣##### .#
#..##♣♣♣♣♣ .###..# ..##..#
########### ..# ..##...
..##.....## ..> ._#####
##.##......# g.. ......#
#..##......# .....
......###.....###..##.#...


You could see Crazy Yiuf (ally target) and a friendly cerulean imp (summoned).

Vanquished Creatures
  2 gnolls (D:2)
  2 adders
  A worm (D:3)
  2 dart slugs
  3 orcs (D:3)
  2 ball pythons (D:1)
  7 endoplasms
  4 giant cockroaches
  2 goblins
  3 hobgoblins
  7 kobolds
  2 quokkas
  6 bats
  8 rats
51 creatures vanquished.

Vanquished Creatures (collateral kills)
  2 gnolls (D:2)
  2 ball pythons (D:1)
  A goblin (D:1)
  A bat (D:3)
  A frilled lizard (D:3)
  2 rats
9 creatures vanquished.

Grand Total: 60 creatures vanquished

Notes
Turn   | Place    | Note
-------+----------+-------------------------------------------
     0 | D:1      | PimpSugar the Demonspawn Hedge Wizard began the quest for
                  | the Orb.
     0 | D:1      | Reached XP level 1. HP: 13/13 MP: 4/4
   270 | D:1      | Reached skill level 1 in Translocations
   346 | D:1      | Gained mutation: You regenerate magic rapidly. [demonic
                  | ancestry]
   346 | D:1      | Reached XP level 2. HP: 19/19 MP: 4/6
   351 | D:1      | Learned a level 2 spell: Call Imp
   353 | D:1      | Learned a level 1 spell: Slow
   356 | D:1      | Learned a level 2 spell: Blink
  1710 | D:2      | Discovered your monstrous ancestry.
  1710 | D:2      | Gained mutation: Your touch may inflict minor irresistible
                  | damage on your foes. [demonic ancestry]
  1710 | D:2      | Reached XP level 3. HP: 18/25 MP: 7/7
  1995 | D:2      | Gained mutation: You have a pair of small horns on your
                  | head. [demonic ancestry]
  1995 | D:2      | Reached XP level 4. HP: 14/31 MP: 5/9
  2747 | D:3      | Reached skill level 1 in Fighting
  2747 | D:3      | Reached skill level 1 in Hexes
  3026 | D:3      | Found a runed translucent door.
  3027 | D:3      | Noticed Crazy Yiuf
  3036 | D:3      | Gained mutation: Your natural rate of healing is unusually
                  | fast. [potion of mutation]
  3036 | D:3      | Gained mutation: Your flesh is cold resistant. (rC+)
                  | [potion of mutation]
  3036 | D:3      | Gained mutation: You have a pair of horns on your head.
                  | [potion of mutation]
  3038 | D:3      | HP: 2/48 [Crazy Yiuf/+4 quarterstaff of chaos (1)]
  3039 | D:3      | Succumbed to Crazy Yiuf's poison

Illustrated notes

Levels and vault maps discovered:
D:1:      scummos_arrival_gate, layout_loops_corners
D:2:      layout_loops_ring
D:3:      layout_rooms, overflow_temple_1_default,
          minmay_fractal_squares_diagonal_5, uniq_jessica,
          uniq_crazy_yiuf_cottage

Skill      XL: |  1  2  3  4 |
---------------+-------------+-----
Translocations | 1 |  1.6
Dodging        | 2 |  2.3
Stealth        | 2 |  2.2
Fighting       | 1 |  1.1
Hexes          | 1 |  1.0
Spellcasting   | |  3.5
Conjurations   | |  1.8
Summonings     | |  1.7

Action                     |  1- 3 |  4- 6 || total
---------------------------+-------+-------++-------
  Melee: Dagger            |    64 |    62 ||   126
         Touch             |     4 |    11 ||    15
         Headbutt          |       |    10 ||    10
   Cast: Magic Dart        |    25 |     7 ||    32
         Call Imp          |     7 |     4 ||    11
         Slow              |     1 |       ||     1
    Use: Scroll            |     2 |     3 ||     5
         Potion            |       |     4 ||     4
   Stab: Sleeping          |     2 |     1 ||     3
 Armour: Robe              |    16 |     5 ||    21
         Leather armour    |       |     5 ||     5
         Skin              |       |     1 ||     1
  Dodge: Dodged            |    37 |    47 ||    84

Table legend: (Time is in decaauts)
 A = Elapsed time spent in this place.
 B = Non-inter-level travel time spent in this place.
 C = Inter-level travel time spent in this place.
 D = Time resting spent in this place.
 E = Time spent auto-exploring this place.
 F = Levels seen in this place.
 G = Mean time per level.
                   A        B        C        D        E       F      G
               +--------+--------+--------+--------+--------+-----+--------+
         Total |   3037 |   2268 |    769 |    193 |   1380 |   3 | 1012.3 |
       Dungeon |   3037 |   2268 |    769 |    193 |   1380 |   3 | 1012.3 |
               +--------+--------+--------+--------+--------+-----+--------+

Top non-repeatable levels by time:
     D:1: 1682 daAuts
     D:2: 1009 daAuts
     D:3: 346 daAuts
